 Dungeon Crawl Stone Soup version 0.30-a0-122-g2a1322497e (webtiles) character file.

Game seed: 13564358426104022351

841 Dreamer the Insei (level 8, 0/52 HPs)
             Began as an Octopode Transmuter on Sept 15, 2022.
             Slain by an ice beast (6 damage)
             ... on level 5 of the Dungeon.
             The game lasted 00:20:54 (5325 turns).

Dreamer the Insei (Octopode Transmuter)             Turns: 5325, Time: 00:20:55

Health: 0/52       AC:  1    Str:  9    XL:     8   Next: 0%
Magic:  0/13       EV: 14    Int: 17    God:
Gold:   125        SH:  0    Dex: 13    Spells: 9/14 levels left

rFire   . . .      SeeInvis .    A - +3 hammer
rCold   . . .      Faith    .    (no shield)
rNeg    . . .      Spirit   +    l - +0 hat
rPois   .          Reflect  .    e - amulet of guardian spirit
rElec   .          Harm     .    f - ring of resist corrosion
rCorr   +          Rampage  .    (no ring)
Will    .....                    (no ring)
Stlth   ++........               (no ring)
HPRegen 0.17/turn                (no ring)
MPRegen 0.13/turn                (no ring)
                                 (no ring)
                                 (no ring)

@: no status effects
A: almost no armour, amphibious, 8 rings, camouflage 1, gelatinous body 1,
(nimble swimmer 1), tentacles, tentacle spike 1, noise suppression
a: no special abilities


You were on level 5 of the Dungeon.
You visited 1 branch of the dungeon, and saw 5 of its levels.

You collected 197 gold pieces.
You spent 72 gold pieces at shops.

Inventory:

Hand Weapons
 A - a +3 hammer (weapon)
Armour
 l - a +0 hat (worn)
 q - a +0 buckler
Jewellery
 e - an amulet of guardian spirit (around mantle)
 f - a ring of resist corrosion (left tentacle)
 y - a ring of flight
Wands
 t - a wand of roots (22)
 w - a wand of flame (22)
Scrolls
 b - a scroll of magic mapping {unknown}
 c - 5 scrolls of teleportation
 h - a scroll of enchant armour {unknown}
 i - a scroll of enchant weapon {unknown}
 k - 3 scrolls of fear
 n - 2 scrolls of amnesia {unknown}
 s - a scroll of butterflies {unknown}
 x - a scroll of immolation {unknown}
 z - a scroll of vulnerability {unknown}
 B - a scroll of noise {unknown}
Potions
 a - 4 potions of lignification
 d - 2 potions of attraction
 g - a potion of haste
 j - a potion of heal wounds
 m - a potion of resistance
 o - a potion of brilliance
 p - 2 potions of flight
 r - a potion of invisibility {unknown}
 u - a potion of curing {unknown}
 v - a potion of ambrosia {unknown}


   Skills:
 + Level 3.4 Fighting
 + Level 3.9 Dodging
 + Level 4.7 Unarmed Combat
 + Level 3.8 Spellcasting
 + Level 4.0 Transmutations
 + Level 3.0 Earth Magic


You had 9 spell levels left.
You knew the following spells:

 Your Spells              Type           Power      Damage    Failure   Level
a - Beastly Appendage     Tmut           34%        N/A       3%          1
b - Sandblast             Erth           26%        2d8       4%          1
c - Spider Form           Tmut/Pois      10%        N/A       22%         3

Your spell library contained the following spells:

 Spells                   Type           Power      Damage    Failure   Level
 Wereblood                Tmut           17%        N/A       4%          2
 Passwall                 Tmut/Erth      12%        N/A       5%          2
 Stone Arrow              Conj/Erth      16%        3d8       26%         3
 Kindle Blastsparks       Fire/Tloc/Air  6%         2d10      43%         3
 Ice Form                 Ice/Tmut       10%        N/A       56%         4
 Lee's Rapid Deconstruct  Erth           6%         3d7*      77%         5
 Fulminant Prism          Conj/Hex       1%         3d6       85%         4
 Iskenderun's Mystic Bla  Conj/Tloc      3%         2d3       85%         4


Dungeon Overview and Level Annotations

Branches:
Dungeon (5/15)
 Temple: D:4-7

Altars:
Okawaru
Ru

Shops:
D:1 (   D:3 ?

Annotations:
D:5 Eustachio


Innate Abilities, Weirdness & Mutations

You cannot wear most types of armour.
You are amphibious.
You can wear up to eight rings at the same time.
Your skin changes colour to match your surroundings (Stealth+).
Your rubbery body absorbs attacks. (AC +1, EV +1)
((You are camouflaged when in or above water. (Stealth+)))
You have tentacles for arms and can constrict up to eight enemies at once.
One of your tentacles bears a spike.
You passively dampen the noise of your surroundings.


Message History

The iguana is severely wounded.
You constrict the iguana, but do no damage.
The iguana barely misses you.
You barely miss the iguana.
You pierce the iguana, but do no damage.
The iguana is severely wounded.
You constrict the iguana, but do no damage.
The iguana bites you! The iguana bites you.
You hit the iguana but do no damage. You squeeze the iguana.
The iguana is almost dead.
You constrict the iguana.
You kill the iguana!
You have reached level 8!
The ice beast closely misses you.
You see here 6 stones.
The ice beast attacks as you move away! The ice beast misses you.
The ice beast attacks as you move away! The ice beast barely misses you.
The ice beast attacks as you move away! The ice beast misses you.
The ice beast attacks as you move away! The ice beast closely misses you.
The ice beast attacks as you move away!
The ice beast hits you but does no damage.
The ice beast attacks as you move away! The ice beast closely misses you.
The ice beast attacks as you move away! The ice beast misses you.
Found a morningstar.
The ice beast attacks as you move away! The ice beast closely misses you.
The ice beast attacks as you move away! The ice beast hits you.
The ice beast freezes you!
* * * LOW HITPOINT WARNING * * *
The ice beast attacks as you move away! The ice beast misses you.
The ice beast attacks as you move away! The ice beast closely misses you.
The ice beast hits you but does no damage.
The ice beast attacks as you move away! The ice beast barely misses you.
The ice beast attacks as you move away! The ice beast hits you.
* * * LOW HITPOINT WARNING * * *
The ice beast freezes you!
* * * LOW HITPOINT WARNING * * *
The ice beast attacks as you move away! The ice beast hits you.
* * * LOW HITPOINT WARNING * * *
The ice beast freezes you!
You die...

#..)##.#/##.#.(##.#
#....##.#.##.#).##.
##..#.##.#.##.$#.##
##.#.#.##.#.##).#.#
#..##.#.##.#.##.†#.
#...##.#.##.#.#.#.#
#....##.#.##)#.#.##
##Y.####.#.##.#.##.
#@.# ##.#.##.##.#
#....+ ##.#.###.#.
......# ##.#.#.#.#
........# ##.#.#.##
..........# ...
##.#.##.
..........# ... ##
##.. ...########
#.. #'# ...
.##..######..
.........#..[


You could see an ice beast.

Vanquished Creatures
  Grinder (D:4)
  2 ogres (D:4)
  3 scorpions
  A jelly (D:5)
  Crazy Yiuf (D:4)
  Ijyb (D:4)
  2 iguanas
  9 adders
  4 dart slugs
  3 orcs
  4 bats
  5 endoplasms
  6 giant cockroaches
  4 goblins
  7 hobgoblins
  2 jackals (D:1)
  9 kobolds
  5 quokkas
  4 ball pythons
  3 frilled lizards
  10 rats
86 creatures vanquished.

Notes
Turn   | Place    | Note
-------+----------+-------------------------------------------
     0 | D:1      | Dreamer the Octopode Transmuter began the quest for the
                  | Orb.
     0 | D:1      | Reached XP level 1. HP: 13/13 MP: 3/3
   205 | D:1      | Reached XP level 2. HP: 16/18 MP: 5/5
   371 | D:1      | Found Hixt's Weapon Emporium.
   597 | D:2      | Reached XP level 3. HP: 23/23 MP: 6/6
   599 | D:2      | Learned a level 1 spell: Sandblast
   791 | D:2      | Noticed a scorpion
  1451 | D:2      | Killed a scorpion
  1452 | D:2      | Reached skill level 1 in Earth Magic
  1452 | D:2      | Reached XP level 4. HP: 29/29 MP: 5/7
  1573 | D:2      | Reached XP level 5. HP: 34/34 MP: 8/8
  2052 | D:3      | Found Xeossu's Magic Scroll Emporium.
  2058 | D:3      | Bought a scroll of identify for 24 gold pieces
  2058 | D:3      | Bought a scroll of fear for 48 gold pieces
  2157 | D:3      | Found an iron altar of Okawaru.
  2692 | D:4      | Noticed an ogre
  2830 | D:4      | Noticed an ogre
  3089 | D:4      | Noticed Grinder
  3102 | D:3      | Reached XP level 6. HP: 15/39 MP: 10/10
  3287 | D:3      | Learned a level 3 spell: Spider Form
  3340 | D:4      | Found a sacrificial altar of Ru.
  3395 | D:4      | Noticed Ijyb
  3846 | D:4      | Found a runed translucent door.
  3847 | D:4      | Noticed Crazy Yiuf
  3961 | D:4      | Killed Ijyb
  4113 | D:4      | Paralysed by Grinder for 3 turns
  4117 | D:4      | Killed Grinder
  4118 | D:4      | Reached XP level 7. HP: 16/46 MP: 5/12
  4536 | D:4      | Gained mutation: You possess an exceptional clarity of
                  | mind. [potion of mutation]
  4536 | D:4      | Gained mutation: You are dopey. (Int -2) [potion of
                  | mutation]
  4537 | D:4      | Lost mutation: You are dopey. (Int -2) [potion of mutation]
  4537 | D:4      | Lost mutation: You possess an exceptional clarity of mind.
                  | [potion of mutation]
  4537 | D:4      | Gained mutation: You passively dampen the noise of your
                  | surroundings. [potion of mutation]
  4537 | D:4      | Gained mutation: One of your tentacles bears a spike.
                  | [potion of mutation]
  4649 | D:4      | Killed Crazy Yiuf
  4879 | D:5      | Entered Level 5 of the Dungeon
  4926 | D:5      | Noticed Eustachio
  5285 | D:5      | Reached XP level 8. HP: 23/52 MP: 7/13
  5325 | D:5      | Slain by an ice beast

Illustrated notes

Levels and vault maps discovered:
D:1:      dpeg_arrival_houses_and_road, layout_rooms, serial_shops,
          nicolae_shop_bloodbath_and_beyond
D:2:      layout_loops_corners, kennysheep_generic_room_9
D:3:      layout_basic, mainiacjoe_overflow_catwalk, serial_shops,
          nicolae_shop_temple_entry_statues_fountains
D:4:      layout_basic, lemuel_tele_altar, uniq_grinder,
          uniq_crazy_yiuf_cottage, uniq_ijyb
D:5:      minmay_inner_zag, layout_gridville, lightli_sewer_entry_pipes,
          amcnicky_mini_pool_small, dreamdust_princess_bridge, uniq_eustachio

Skill      XL: |  1  2  3  4  5  6  7 |
---------------+----------------------+-----
Earth Magic    | 1 2 3 |  3.0
Fighting       | 2 3 |  3.4
Dodging        | 3 |  3.9
Spellcasting   | 3 |  3.8
Transmutations | 3 4 |  4.0
Unarmed Combat | 4 |  4.7

Action                   |  1- 3 |  4- 6 |  7- 9 || total
-------------------------+-------+-------+-------++-------
Melee: Unarmed           |    10 |    15 |    11 ||    36
       Constrict         |    27 |    23 |     5 ||    55
       Dagger            |    79 |    72 |       ||   151
       Tentacles         |    21 |    24 |     9 ||    54
       Punch             |     2 |     3 |       ||     5
       Mace              |       |    10 |    24 ||    34
       Kick              |       |       |     9 ||     9
 Cast: Sandblast         |     1 |       |       ||     1
       Spider Form       |       |     3 |     2 ||     5
  Use: Scroll            |       |     7 |     2 ||     9
       Potion            |       |       |     2 ||     2
 Stab: Sleeping          |     9 |     7 |     1 ||    17
Armor: Skin              |     6 |       |     3 ||     9
Dodge: Dodged            |    56 |    54 |    35 ||   145

Table legend: (Time is in decaauts)
 A = Elapsed time spent in this place.
 B = Non-inter-level travel time spent in this place.
 C = Inter-level travel time spent in this place.
 D = Time resting spent in this place.
 E = Time spent auto-exploring this place.
 F = Levels seen in this place.
 G = Mean time per level.
                   A        B        C        D        E       F      G
               +--------+--------+--------+--------+--------+-----+--------+
         Total |   5336 |   5066 |    270 |    987 |   2566 |   5 | 1067.2 |
       Dungeon |   5336 |   5066 |    270 |    987 |   2566 |   5 | 1067.2 |
               +--------+--------+--------+--------+--------+-----+--------+

Top non-repeatable levels by time:
     D:4: 1783 daAuts
     D:3: 1304 daAuts
     D:2: 1195 daAuts
     D:1: 596 daAuts
     D:5: 455 daAuts
